 Dungeon Crawl Stone Soup version 0.22.1-2-g9c5b331 (webtiles) character file.

8413 MalarOregon the Spear-Bearer (level 11, -2/81 HPs)
             Began as a Merfolk Ice Elementalist on Nov 19, 2018.
             Was a Priest of Nemelex Xobeh.
             Slain by a cyan ugly thing (14 damage)
             ... on level 11 of the Dungeon.
             The game lasted 00:30:26 (11971 turns).

MalarOregon the Spear-Bearer (MfIE)                Turns: 11971, Time: 00:30:27

Health: -2/81      AC:  6    Str: 12    XL:     11   Next: 30%
Magic:  12/19      EV: 16    Int: 18    God:    Nemelex Xobeh [***...]
Gold:   670        SH: 15    Dex: 18    Spells: 7/21 levels left

rFire    + + .     SeeInvis .   W - +0 spear "Orider" {drain, rC+}
rCold    + . .     Gourm    .   z - +0 shield
rNeg     . . .     Faith    .   P - +0 robe "Esomane" {rF++ Str+4 Dex+3}
rPois    +         Spirit   .   s - +1 hat
rElec    .         Reflect  +   j - +0 cloak
rCorr    +         Harm     .   o - +0 pair of gloves
MR       .....                  E - +0 pair of boots
Stlth    +++.......             U - +5 amulet of reflection
HPRegen  0.23/turn              l - ring of resist corrosion
MPRegen  0.16/turn              Q - ring of poison resistance

@: no status effects
A: change form in water, swift swim, stealthy swim
a: Triple Draw, Renounce Religion


You were on level 11 of the Dungeon.
You worshipped Nemelex Xobeh.
Nemelex Xobeh was most pleased with you.
You were not hungry.

You visited 2 branches of the dungeon, and saw 12 of its levels.

You collected 670 gold pieces.

Inventory:

Hand Weapons
 w - a +0 blowgun
   (You took it off a kobold on level 3 of the Dungeon)
 W - the +0 spear "Orider" (weapon) {drain, rC+}
   (You found it on level 9 of the Dungeon)

   A truly terrible weapon, it drains the life of those it strikes.
   It protects you from cold.
Missiles
 a - 28 poisoned needles
 b - 4 tomahawks (quivered)
 p - 128 arrows
 A - 3 curare-tipped needles {!f}
 J - 6 javelins
 K - 2 throwing nets {!f}
 S - 2 steel tomahawks
Armour
 j - a +0 cloak (worn)
   (You found it on level 7 of the Dungeon)
 o - a +0 pair of gloves (worn)
   (You found it on level 2 of the Dungeon)
 r - +0 steam dragon scales
   (You found it on level 3 of the Dungeon)
 s - a +1 hat (worn)
   (You found it on level 5 of the Dungeon)
 z - a +0 shield (worn)
   (You found it on level 4 of the Dungeon)
 E - a +0 pair of boots (worn)
   (You found it on level 10 of the Dungeon)
 P - the +0 robe "Esomane" (worn) {rF++ Str+4 Dex+3}
   (You found it on level 8 of the Dungeon)

   It affects your strength (+4).
   It affects your dexterity (+3).
   It greatly protects you from fire.
Jewellery
 l - a ring of resist corrosion (left hand)
   (You found it on level 2 of the Dungeon)
 Q - a ring of poison resistance (right hand)
   (You found it on level 9 of the Dungeon)
 U - a +5 amulet of reflection (around neck)
   (You found it on level 9 of the Dungeon)
 Y - an uncursed amulet of harm {unknown}
   (You found it on level 11 of the Dungeon)
Wands
 c - a wand of disintegration (9)
   (You found it on level 5 of the Dungeon)
 d - a wand of iceblast (8)
   (You found it on level 6 of the Dungeon)
 t - a wand of flame (9)
   (You took it off a crimson imp on level 10 of the Dungeon)
 u - a wand of paralysis (18)
   (You found it on level 7 of the Dungeon)
 x - a wand of acid (11)
   (You found it on level 5 of the Dungeon)
Scrolls
 g - 3 scrolls of amnesia
 h - a scroll of identify {@r1}
 i - 6 scrolls of remove curse {@r2}
 m - a scroll of magic mapping
 q - 6 scrolls of blinking
 v - 3 scrolls of enchant armour
 y - a scroll of enchant weapon
 H - a scroll of fog
 M - a scroll of fear
Potions
 f - 2 potions of might
 k - 2 potions of resistance {unknown}
 n - 2 potions of haste {@q3}
 B - a potion of cancellation {unknown}
 C - 2 potions of lignification {!q}
 D - a potion of magic {unknown}
 G - 2 potions of ambrosia {unknown}
 I - 5 potions of heal wounds {@q2}
 L - 5 potions of curing {@q1}
 N - a potion of mutation {unknown}
 O - a potion of brilliance {unknown}
 R - a potion of agility
Miscellaneous
 F - a plain deck of summoning {drawn: 3}
   (Nemelex Xobeh gifted it to you on level 5 of the Dungeon)
 T - a plain deck of summoning
   (Nemelex Xobeh gifted it to you on level 9 of the Dungeon)
 V - a plain deck of escape
   (Nemelex Xobeh gifted it to you on level 10 of the Dungeon)
Comestibles
 e - 14 rations {!d}
 X - 8 chunks of flesh


   Skills:
 + Level 6.0 Fighting
 * Level 10.4 Polearms
 + Level 7.9 Dodging
 - Level 4.0 Stealth
 * Level 7.4 Shields
 + Level 5.6 Spellcasting
 - Level 0.7 Conjurations
 * Level 9.2 Ice Magic
 + Level 4.7 Invocations


You had 7 spell levels left.
You knew the following spells:

 Your Spells              Type           Power        Failure   Level  Hunger
a - Freeze                Ice            ####         1%          1    None
b - Ozocubu's Armour      Chrm/Ice       ###.....     14%         3    ##.....
c - Throw Icicle          Conj/Ice       ###.....     38%         4    ####...
d - Summon Ice Beast      Ice/Summ       ###.....     43%         4    ####...
x - Throw Frost           Conj/Ice       ###...       6%          2    None

Your spell library contained the following spells:

 Spells                   Type           Power        Failure   Level  Hunger


Dungeon Overview and Level Annotations

Branches:
Dungeon (11/15)            Temple (1/1) D:5            Lair (0/6) D:10
    Orc (0/2) D:9

Altars:
Ashenzari
Cheibriados
Dithmenos
Elyvilon
Fedhas
Gozag
Hepliaklqana
Kikubaaqudgha
Makhleb
Nemelex Xobeh
Okawaru
Qazlal
Ru
Sif Muna
Trog
Uskayaw
Vehumet
Wu Jian
Xom
Yredelemnul
Zin
The Shining One

Shops:
D:9 =

Annotations:
D:10 1 runed door


Message History

Unknown command.
A centaur skeleton comes into view.
Attack whom?
Aim: a troll You reach to attack!
You hit the troll. You drain the troll! You barely miss the troll.
The troll closely misses you. The troll misses you.
You block the troll's attack.
You hit the troll but do no damage. You drain the troll!
A cyan ugly thing comes into view.
You barely miss the troll. You block the troll's attack. x2
The troll barely misses you.
You hit the troll. You drain the troll!
Your shield prevents you from hitting the troll.
The troll barely misses you. x2; You block the troll's attack.
You hit the troll. You barely miss the troll. The troll barely misses you.
You block the troll's attack. x2
The centaur skeleton completely misses you.
You block the cyan ugly thing's attack.
You block the centaur skeleton's attack.
The cyan ugly thing completely misses you.
Here: a cyan ugly thing The floor.
There are monsters nearby!
Aim: a cyan ugly thing You freeze the cyan ugly thing.
The cyan ugly thing tail-slaps you but does no damage.
Aim: a cyan ugly thing (lightly wounded)
You freeze the cyan ugly thing. You block the cyan ugly thing's attack.
Aim: a cyan ugly thing (moderately wounded)
You freeze the cyan ugly thing. You block the cyan ugly thing's attack.
Aim: a cyan ugly thing (moderately wounded)
You freeze the cyan ugly thing. The cyan ugly thing tail-slaps you.
The cyan ugly thing shocks you!
Aim: a cyan ugly thing (heavily wounded)
You freeze the cyan ugly thing. You block the cyan ugly thing's attack.
Aim: a cyan ugly thing (severely wounded)
You freeze the cyan ugly thing. The cyan ugly thing tail-slaps you!
The cyan ugly thing shocks you!
Aim: a cyan ugly thing (severely wounded)
You freeze the cyan ugly thing. The cyan ugly thing tail-slaps you!
* * * LOW HITPOINT WARNING * * *
The cyan ugly thing shocks you!
* * * LOW HITPOINT WARNING * * *
Aim: a cyan ugly thing (almost dead)
You freeze the cyan ugly thing. The cyan ugly thing tail-slaps you!
* * * LOW HITPOINT WARNING * * *
The cyan ugly thing shocks you!
You die...
Your body glows slightly and disappears.

#(# #.# #.# #.#
#.# #.# ##. ##.#
#.. #..# ###..##
#@##
.......###u# ##
#...#TZ# ...#
#.#...###
#...#....[..###
#|.......>.)...
##.#........../#
# #............
#.......)....


You could see a cyan ugly thing, a troll and a centaur skeleton.

Vanquished Creatures
  A two-headed ogre (D:10)
  An unseen horror (D:10)
  A gargoyle (D:10)
  2 trolls
  2 hippogriffs
  A wyvern (D:8)
  5 yaks
  2 hungry ghosts (D:9)
  A steam dragon (D:9)
  Menkaure (D:5)
  Duvessa (D:5)
  An eye of draining (D:8)
  An ice beast (D:7)
  3 sky beasts
  A black bear (D:7)
  A necrophage (D:9)
  2 orc warriors
  A phantom (D:7)
  6 ogres
  2 big kobolds (D:8)
  6 bullfrogs
  Dowan (D:5)
  A wyvern zombie (D:10)
  3 scorpions
  3 killer bees (D:8)
  2 howler monkeys
  8 crimson imps
  3 centaur zombies
  2 orc priests (D:8)
  A bullfrog zombie (D:10)
  5 hounds
  3 centaur skeletons
  5 jellies
  3 bullfrog skeletons
  A gnoll shaman (D:8)
  4 iguanas
  6 orc wizards
  12 worker ants
  Natasha (thrice) (D:4)
  2 hound skeletons
  4 worker ant zombies
  15 gnolls
  11 adders
  2 shadow imps
  An ooze (D:2)
  An adder zombie (D:6)
  An adder skeleton (D:9)
  4 worms
  3 dart slugs
  4 leopard geckos
  26 orcs
  8 bats
  6 giant cockroaches
  8 goblins
  3 hobgoblins
  7 jackals
  13 kobolds
  7 quokkas
  2 leopard gecko skeletons
  2 leopard gecko zombies
  3 rats
241 creatures vanquished.

Vanquished Creatures (collateral kills)
  A steam dragon (D:7)
  2 insubstantial wisps (D:7)
  An ice beast (D:7)
4 creatures vanquished.

Vanquished Creatures (others)
  A sky beast (D:7)
1 creature vanquished.

Grand Total: 246 creatures vanquished

Notes
Turn   | Place    | Note
-------+----------+-------------------------------------------
     0 | D:1      | MalarOregon the Merfolk Ice Elementalist began the quest
                  | for the Orb.
     0 | D:1      | Reached XP level 1. HP: 13/13 MP: 3/3
   197 | D:1      | Reached XP level 2. HP: 19/20 MP: 0/5
   600 | D:1      | Reached skill level 1 in Fighting
   622 | D:1      | Reached XP level 3. HP: 7/26 MP: 0/6
  1524 | D:2      | Learned a level 2 spell: Throw Frost
  1528 | D:2      | Learned a level 3 spell: Ozocubu's Armour
  1735 | D:2      | Reached XP level 4. HP: 32/32 MP: 7/7
  2454 | D:3      | Reached XP level 5. HP: 38/38 MP: 0/9
  3394 | D:4      | Found an iron altar of Okawaru.
  3407 | D:4      | Found an opulent altar of Gozag.
  3437 | D:4      | Reached skill level 1 in Polearms
  3437 | D:4      | Reached skill level 1 in Shields
  3437 | D:4      | Reached XP level 6. HP: 34/44 MP: 6/10
  3494 | D:4      | Noticed Natasha
  3500 | D:4      | Killed Natasha
  3630 | D:4      | Noticed Natasha
  3637 | D:4      | Killed Natasha
  3645 | D:4      | Reached skill level 2 in Polearms
  3699 | D:4      | Noticed Natasha
  3708 | D:4      | Killed Natasha
  3867 | D:4      | Reached XP level 7. HP: 33/51 MP: 3/11
  4102 | D:4      | Learned a level 4 spell: Summon Ice Beast
  4240 | D:5      | Entered Level 5 of the Dungeon
  4245 | D:5      | Noticed Menkaure
  4321 | D:5      | Noticed Duvessa
  4321 | D:5      | Noticed Dowan
  4424 | D:5      | Reached skill level 3 in Polearms
  4424 | D:5      | Reached skill level 5 in Ice Magic
  4531 | D:5      | Killed Duvessa
  4537 | D:5      | Killed Dowan
  4537 | D:5      | Reached skill level 4 in Polearms
  4551 | D:5      | Killed Menkaure
  4551 | D:5      | Reached skill level 5 in Dodging
  4551 | D:5      | Reached XP level 8. HP: 38/58 MP: 6/13
  4852 | D:5      | Found a staircase to the Ecumenical Temple.
  4875 | Temple   | Entered the Ecumenical Temple
  5347 | Temple   | Became a worshipper of Nemelex Xobeh the Trickster
  5465 | D:5      | Received a gift from Nemelex Xobeh
  5509 | D:5      | Reached skill level 5 in Polearms
  5854 | D:6      | Reached skill level 1 in Invocations
  5908 | D:6      | Found a blossoming altar of Fedhas.
  6255 | D:6      | Learned a level 4 spell: Throw Icicle
  6299 | D:7      | Reached skill level 6 in Polearms
  6304 | D:7      | Reached XP level 9. HP: 63/65 MP: 11/15
  6472 | D:7      | Found a hazy altar of Hepliaklqana.
  6634 | D:7      | HP: 2/65 [insubstantial wisp/static electricity (4)]
  6659 | D:7      | Reached skill level 7 in Polearms
  6659 | D:7      | Reached skill level 5 in Shields
  7058 | D:7      | Found a burning altar of Makhleb.
  7060 | D:7      | Found a glowing silver altar of Zin.
  7060 | D:7      | Noticed an angel
  7061 | D:7      | Noticed a balrug
  7316 | D:7      | Reached * piety under Nemelex Xobeh
  7524 | D:8      | Reached skill level 8 in Polearms
  7529 | D:8      | Reached XP level 10. HP: 54/73 MP: 1/17
  7755 | D:8      | Reached skill level 5 in Fighting
  8056 | D:8      | Got a dull robe
  8081 | D:8      | Found a hide-covered altar of Uskayaw.
  8816 | D:9      | Reached skill level 9 in Polearms
  8816 | D:9      | Reached skill level 5 in Spellcasting
  9009 | D:9      | Received a gift from Nemelex Xobeh
  9024 | D:9      | Found a staircase to the Orcish Mines.
  9070 | D:9      | Found an ornate altar of the Wu Jian Council.
  9079 | D:9      | Reached ** piety under Nemelex Xobeh
  9261 | D:9      | Found a bloodstained altar of Trog.
  9489 | D:9      | Found a white marble altar of Elyvilon.
  9489 | D:9      | Found a sacrificial altar of Ru.
  9494 | D:9      | Found an ancient bone altar of Kikubaaqudgha.
  9496 | D:9      | Found a snail-covered altar of Cheibriados.
  9497 | D:9      | Found a faded altar of an unknown god.
  9534 | D:9      | Got a bloodstained spear
  9551 | D:9      | Found Nischig's Jewellery Boutique.
  9831 | D:10     | Entered Level 10 of the Dungeon
  9888 | D:10     | Noticed a gargoyle
 10147 | D:9      | Identified the cursed +0 spear "Orider" {drain, rC+} (You
                  | found it on level 9 of the Dungeon)
 10159 | D:9      | Identified the +0 robe "Esomane" {rF++ Str+4 Dex+3} (You
                  | found it on level 8 of the Dungeon)
 10195 | D:10     | Killed a gargoyle
 10529 | D:10     | Reached XP level 11. HP: 62/81 MP: 16/19
 10557 | D:10     | Reached skill level 10 in Polearms
 10780 | D:10     | Found a runed door.
 10780 | D:10     | Noticed a yaktaur captain
 10780 | D:10     | Noticed a deep elf knight
 10780 | D:10     | Noticed a yaktaur captain
 10782 | D:10     | Noticed a flayed ghost
 10782 | D:10     | Noticed a deep elf archer
 10782 | D:10     | Noticed an orc sorcerer
 10782 | D:10     | Noticed a deep troll earth mage
 10782 | D:10     | Noticed a fire giant
 10882 | D:10     | Killed an unseen horror
 11491 | D:10     | Found a staircase to the Lair.
 11491 | D:10     | Noticed a two-headed ogre
 11525 | D:10     | Killed a two-headed ogre
 11659 | D:10     | Received a gift from Nemelex Xobeh
 11830 | D:11     | Reached *** piety under Nemelex Xobeh
 11953 | D:11     | Noticed a cyan ugly thing
 11971 | D:11     | Slain by a cyan ugly thing

Skill      XL: |  1  2  3  4  5  6  7  8  9 10 11 |
---------------+----------------------------------+-----
Dodging        | 3 4 5 6 7 |  7.9
Fighting       | 1 2 3 4 5 6 |  6.0
Stealth        | 3 4 |  4.0
Ice Magic      | 4 5 6 7 8 9 |  9.2
Polearms       | 1 2 4 6 8 9 10 | 10.4
Shields        | 1 2 3 4 5 7 |  7.4
Spellcasting   | 3 4 5 |  5.6
Invocations    | 1 3 4 |  4.7
Conjurations   | |  0.7

Action                   |  1- 3 |  4- 6 |  7- 9 | 10-12 || total
-------------------------+-------+-------+-------+-------++-------
Melee: Unarmed           |    17 |       |       |       ||    17
       Dagger            |    36 |    50 |       |       ||    86
       Spear             |       |    54 |   390 |   566 ||  1010
 Fire: Blowgun           |       |       |    17 |     5 ||    22
 Cast: Freeze            |    57 |    74 |    80 |    93 ||   304
       Ozocubu's Armour  |       |     1 |     5 |    10 ||    16
       Throw Frost       |       |     1 |       |     7 ||     8
Evoke: Wand              |       |       |     2 |     2 ||     4
       Deck              |       |       |     3 |       ||     3
  Use: Scroll            |       |     4 |     1 |    14 ||    19
       Potion            |       |       |     1 |     3 ||     4
 Stab: Sleeping          |     5 |     8 |    11 |     9 ||    33
       Distracted        |       |       |     3 |     1 ||     4
  Eat: Chunk             |     3 |     8 |    12 |    40 ||    63
Armor: Robe              |    20 |    13 |       |    21 ||    54
       Steam dragon scal |       |    28 |    88 |    77 ||   193
       Skin              |       |       |       |    10 ||    10
Dodge: Dodged            |    51 |    96 |   175 |   286 ||   608
Block: Shield            |       |    39 |   136 |   342 ||   517
       Reflection        |       |       |       |    11 ||    11
